 Dungeon Crawl Stone Soup version 0.27-a0-773-gaaee5cf45b (webtiles) character file.

Game seed: 12748681632078597059

526 Maimakterion the Cutter (level 7, -5/51 HPs)
             Began as a Demonspawn Gladiator on Mar 25, 2021.
             Was an Initiate of Ashenzari.
             Engulfed by a steam dragon's steam (7 damage)
             ... on level 4 of the Dungeon.
             The game lasted 00:04:34 (4133 turns).

Maimakterion the Cutter (Demonspawn Gladiator)      Turns: 4133, Time: 00:04:34

Health: -5/51      AC:  9    Str: 16    XL:     7   Next: 2%
Magic:  7/7        EV: 10    Int: 10    God:    Ashenzari [......]
Gold:   155        SH:  9    Dex: 14    Spells: 6/6 levels left

rFire    . . .     SeeInvis +   a - +0 rapier
rCold    . . .     Faith    .   g - +2 kite shield {AC+3}
rNeg     . . .     Spirit   .   b - +0 leather armour "Shackled Absolutism" {Elem, Fort} (curse)
rPois    .         Reflect  .   c - +0 helmet
rElec    .         Harm     .   (no cloak)
rCorr    .         Rampage  .   (no gloves)
Will     .....                  s - +1 pair of boots
Stlth    ++........             (no amulet)
HPRegen  0.17/turn              q - ring of see invisible
MPRegen  0.10/turn              (no ring)

@: no status effects
A: claws 2, talons 2, spiny 2
a: Renounce Religion, Shatter the Chains


You were on level 4 of the Dungeon.
You worshipped Ashenzari.
Ashenzari was noncommittal.
You visited 1 branch of the dungeon, and saw 4 of its levels.

You collected 155 gold pieces.

Inventory:

Hand Weapons
 a - a +0 rapier (weapon)
Missiles
 d - 2 throwing nets (quivered)
 i - 8 boomerangs
Armour
 b - the cursed +0 leather armour "Shackled Absolutism" (worn) {Elem, Fort}

   It has a curse which improves the following skills: Elements: Fire Magic, Ice
   Magic, Air Magic and Earth Magic.
   Fortitude: Armour and Shields.
 c - a +0 helmet (worn)
 g - a +2 kite shield of protection (worn)
 s - a +1 pair of boots (worn)
Jewellery
 n - a ring of ice
 q - a ring of see invisible (right claw)
Wands
 r - a wand of polymorph (11)
Scrolls
 e - 2 scrolls of blinking
 f - a scroll of holy word
 h - 2 scrolls of enchant weapon
 l - 2 scrolls of teleportation
 t - 2 scrolls of fog
Potions
 j - 2 potions of curing
 k - 2 potions of flight
 m - a potion of might
 o - a potion of mutation
 p - a potion of haste


   Skills:
 + Level 2.9 Fighting
 + Level 4.4 Short Blades
 + Level 2.5 Throwing
 + Level 2.8(3.2) Armour
 + Level 3.6 Dodging
 * Level 3.2 Stealth


You had 6 spell levels left.
You didn't know any spells.
Your spell library contained the following spells:

 Spells                   Type           Power      Damage    Failure   Level
 Corona                   Hex            0%         N/A       97%         1
 Summon Small Mammal      Summ           0%         N/A       97%         1
 Call Imp                 Summ           0%         N/A       99%         2
 Ensorcelled Hibernation  Hex/Ice        0%         N/A       99%         2
 Call Canine Familiar     Summ           0%         N/A       100%        3
 Confusing Touch          Hex            0%         N/A       100%        3
 Dazzling Flash           Conj/Hex       0%         N/A       100%        3
 Summon Guardian Golem    Hex/Summ       0%         N/A       100%        3
 Tukima's Dance           Hex            0%         N/A       100%        3
 Summon Ice Beast         Ice/Summ       0%         N/A       100%        4
 Summon Lightning Spire   Summ/Air       0%         N/A       100%        4


Dungeon Overview and Level Annotations

Branches:
Dungeon (4/15)             Temple (0/1) D:4

Altars:
Ashenzari
Fedhas
Kikubaaqudgha
Qazlal
Yredelemnul

Shops:
D:2 (=*[=   D:3 [


Innate Abilities, Weirdness & Mutations

You have very sharp fingernails.
You have razor-sharp toenails.
You are mostly covered in sharp spines.


Message History

No target in view!
No target in view!
Things that are here:
a +0 short sword; a kobold corpse A steam dragon comes into view.
A steam dragon is nearby!
A steam dragon is nearby!
The steam dragon hisses angrily.
The steam dragon breathes steam at you. The ball of steam hits you!
You take 17 damage, and have 34/51 hp.
MASSIVE DAMAGE!!
You are too injured to fight recklessly!
You are engulfed in a cloud of scalding steam.
You take 4 damage, and have 30/51 hp.
You are engulfed in a cloud of scalding steam.
You block the steam dragon's attack. x2
You take 11 damage, and have 19/51 hp.
MASSIVE DAMAGE!!
You hit the steam dragon but do no damage.
You are engulfed in a cloud of scalding steam.
* * * LOW HITPOINT WARNING * * *
You block the steam dragon's attack. x2
You take 4 damage, and have 15/51 hp.
Throw: 3 throwing nets
Press: ? - help, Q - select action, (/) - cycle Shift-Dir - straight line, f - steam dragon
Aim: a steam dragon (60% to hit)
You throw a throwing net. The throwing net hits the steam dragon.
The steam dragon is caught in the net!
The steam dragon struggles against the net.
You hit the steam dragon.
The steam dragon is lightly wounded.
The steam dragon breathes steam at you. The ball of steam hits you!
* * * LOW HITPOINT WARNING * * *
The steam dragon struggles against the net.
You take 13 damage, and have 2/51 hp.
MASSIVE DAMAGE!!
You catch the helpless steam dragon completely off-guard!
You hit the steam dragon.
The steam dragon is moderately wounded.
You are engulfed in a cloud of scalding steam.
You die...

..# #.#####
#.## ###.###
#. #.....# #.
#.....### #.
#........ #.
#.....#.# #.
#.....#.#
##.######
#.#.###.#
#.D@§§..#
#.#.# #.#
#.#####.#
#.#.###.# #
#.####.#†.....
#.............
#.####........
#.# #######..
..# ##. ..
#### #. ##..
##### #.


You could see a steam dragon (caught, catching breath).

Vanquished Creatures
  Grinder (D:3)
  3 hounds (D:4)
  Jessica (D:2)
  Natasha (thrice) (D:3)
  A howler monkey zombie (D:3)
  Robin (D:3)
  3 adders
  2 worms (D:2)
  A dart slug (D:4)
  An orc (D:4)
  6 bats
  7 endoplasms
  A giant cockroach (D:2)
  9 goblins
  10 hobgoblins
  4 jackals (D:3)
  8 kobolds
  3 quokkas
  9 ball pythons
  2 ball python zombies (D:3)
  3 frilled lizards
  A giant cockroach zombie (D:3)
  7 rats
87 creatures vanquished.

Vanquished Creatures (others)
  A withered plant (D:4)
1 creature vanquished.

Grand Total: 88 creatures vanquished

Notes
Turn   | Place    | Note
-------+----------+-------------------------------------------
     0 | D:1      | Maimakterion the Demonspawn Gladiator began the quest for
                  | the Orb.
     0 | D:1      | Reached XP level 1. HP: 16/16 MP: 1/1
   512 | D:1      | Gained mutation: You have sharp fingernails. [demonic
                  | ancestry]
   512 | D:1      | Reached XP level 2. HP: 22/22 MP: 2/2
   891 | D:1      | You fall into a shaft and drop 1 floor!
   973 | D:2      | Found Begh's Jewellery Boutique.
  1159 | D:2      | Reached skill level 1 in Stealth
  1188 | D:2      | Reached skill level 3 in Short Blades
  1188 | D:2      | Gained mutation: You are partially covered in sharp spines.
                  | [demonic ancestry]
  1188 | D:2      | Reached XP level 3. HP: 17/27 MP: 3/3
  1265 | D:2      | Found Tasaacij's Antique Weapon Boutique.
  1313 | D:2      | Reached skill level 1 in Armour
  1488 | D:2      | Noticed Jessica
  1494 | D:2      | Killed Jessica
  1495 | D:2      | Gained mutation: You have very sharp fingernails. [demonic
                  | ancestry]
  1495 | D:2      | Reached XP level 4. HP: 32/33 MP: 4/4
  1511 | D:2      | Found Ukhloxzal's General Store.
  1512 | D:2      | Found Nanlaicy's Antique Armour Boutique.
  1643 | D:2      | Noticed an earth elemental
  1645 | D:2      | Found a stormy altar of Qazlal.
  2183 | D:2      | Found Buenaddotode's Jewellery Shop.
  2549 | D:2      | Noticed a fire elemental
  2553 | D:2      | Noticed an air elemental
  2556 | D:2      | Noticed a water elemental
  2711 | D:3      | Noticed Grinder
  2715 | D:3      | Paralysed by Grinder for 3 turns
  2731 | D:3      | Killed Grinder
  2732 | D:3      | Reached skill level 4 in Short Blades
  2732 | D:3      | Gained mutation: You have sharp toenails. [demonic
                  | ancestry]
  2732 | D:3      | Reached XP level 5. HP: 12/39 MP: 5/5
  2732 | D:3      | Gained mutation: You are mostly covered in sharp spines.
                  | [demonic ancestry]
  2732 | D:3      | Reached XP level 6. HP: 14/46 MP: 6/6
  2949 | D:3      | Found a basalt altar of Yredelemnul.
  3192 | D:3      | Found Korhaz's Antique Armour Emporium.
  3250 | D:3      | Noticed Natasha
  3259 | D:3      | Killed Natasha
  3303 | D:3      | Noticed Natasha
  3316 | D:3      | Killed Natasha
  3378 | D:3      | Noticed Natasha
  3383 | D:3      | Killed Natasha
  3481 | D:3      | Found a broken altar of Ashenzari.
  3559 | D:3      | Noticed Robin
  3571 | D:3      | Killed Robin
  3695 | D:3      | Became a worshipper of Ashenzari the Shackled
  3695 | D:3      | Identified a scroll of acquirement
  3749 | D:4      | Found a staircase to the Ecumenical Temple.
  3750 | D:4      | Acquired a +2 kite shield of protection
  3786 | D:4      | Found an ancient bone altar of Kikubaaqudgha.
  3787 | D:4      | Found a blossoming altar of Fedhas.
  4008 | D:4      | Gained mutation: You have razor-sharp toenails. [demonic
                  | ancestry]
  4008 | D:4      | Reached XP level 7. HP: 51/51 MP: 7/7
  4125 | D:4      | Noticed a steam dragon
  4132 | D:4      | HP: 2/51 [steam dragon/ball of steam (14)]
  4133 | D:4      | Engulfed by a steam dragon's steam

Illustrated notes

Levels and vault maps discovered:
D:1:      lemuel_arrival_broad_hall, layout_loops_ring, st_stairs_11
D:2:      layout_loops_corners, nicolae_qazlal_style_of_elements, serial_shops,
          shop, nicolae_shop_crystal, nicolae_shop_waterfront, shop,
          shop_fountains, uniq_jessica
D:3:      layout_loops_ring, nicolae_yredelemnul_corpse_copse, serial_shops,
          shop, ashenzari_altar_1, uniq_natasha, uniq_robin, uniq_grinder
D:4:      layout_loops_ring, grunt_temple_overflow_growth_and_decay,
          minmay_temple_entry_overgrown

Skill      XL: |  1  2  3  4  5  6 |
---------------+-------------------+-----
Dodging        | 3 |  3.6
Stealth        | 1 2 3 |  3.2
Short Blades   | 3 4 |  4.4
Armour         | 1 2 |  2.8
Throwing       | 2 |  2.5
Fighting       | |  2.9

Action                   |  1- 3 |  4- 6 |  7- 9 || total
-------------------------+-------+-------+-------++-------
Melee: Rapier            |    90 |   105 |     4 ||   199
       Kick              |       |     6 |       ||     6
Throw: Boomerang         |       |    15 |       ||    15
       Throwing net      |       |     3 |     1 ||     4
Invok: Curse Item        |       |       |     1 ||     1
  Use: Scroll            |       |     1 |       ||     1
 Stab: Sleeping          |     2 |     5 |       ||     7
       Held in net/web   |       |     2 |     1 ||     3
Armor: Leather armour    |    16 |    24 |     2 ||    42
Dodge: Dodged            |    47 |    47 |       ||    94
Block: Kite shield       |       |     9 |     4 ||    13

Table legend: (Time is in decaauts)
 A = Elapsed time spent in this place.
 B = Non-inter-level travel time spent in this place.
 C = Inter-level travel time spent in this place.
 D = Time resting spent in this place.
 E = Time spent auto-exploring this place.
 F = Levels seen in this place.
 G = Mean time per level.
                   A        B        C        D        E       F      G
               +--------+--------+--------+--------+--------+-----+--------+
         Total |   4154 |   4004 |    150 |    850 |   2537 |   4 | 1038.5 |
       Dungeon |   4154 |   4004 |    150 |    850 |   2537 |   4 | 1038.5 |
               +--------+--------+--------+--------+--------+-----+--------+

Top non-repeatable levels by time:
     D:1: 1399 daAuts
     D:2: 1320 daAuts
     D:3: 1027 daAuts
     D:4: 406 daAuts
